 Dungeon Crawl Stone Soup version 0.29-a0-617-g7a6b98fccd (webtiles) character file.

Game seed: 15058240485438041974

83 chronatog the Chopper (level 4, -4/34 HPs)
             Began as a Gnoll Wanderer on June 17, 2022.
             Blown up by Ijyb (9 damage)
             ... with a mindburst bolt
             ... on level 3 of the Dungeon.
             The game lasted 00:07:14 (3504 turns).

chronatog the Chopper (Gnoll Wanderer)              Turns: 3504, Time: 00:07:14

Health: -4/34      AC:  4    Str: 13    XL:     4   Next: 44%
Magic:  7/8        EV: 11    Int: 11    God:
Gold:   125        SH:  0    Dex: 12    Spells: 8/9 levels left

rFire   . . .      SeeInvis .   a - +0 war axe
rCold   . . .      Faith    .   (no shield)
rNeg    . . .      Spirit   .   e - +0 leather armour
rPois   .          Reflect  .   (no helmet)
rElec   .          Harm     .   q - +0 cloak
rCorr   .          Rampage  .   (no gloves)
Will    .....                   (no boots)
Stlth   ++........              (no amulet)
HPRegen 0.11/turn               (no ring)
MPRegen 0.11/turn               (no ring)

@: no status effects
A: fangs 1, strong nose, distributed training
a: no special abilities


You were on level 3 of the Dungeon.
You visited 1 branch of the dungeon, and saw 3 of its levels.

You collected 125 gold pieces.

Inventory:

Hand Weapons
 a - a +0 war axe (weapon)
 c - a +4 short sword
Missiles
 b - 12 poisoned darts (quivered)
 f - 69 stones
Armour
 e - a +0 leather armour (worn)
 q - a +0 cloak (worn)
Scrolls
 d - 2 scrolls of blinking
 g - 4 scrolls of identify {unknown}
 h - a scroll of magic mapping {unknown}
 i - 2 scrolls of teleportation {unknown}
 j - a scroll of enchant armour {unknown}
 o - 2 scrolls of noise {unknown}
 r - 2 scrolls of vulnerability {unknown}
Potions
 k - 2 potions of flight {unknown}
 l - 2 potions of lignification {unknown}
 m - a potion of invisibility {unknown}
 n - 3 potions of curing {unknown}
 p - a potion of degeneration {unknown}


   Skills:
 + Level 2.7 Fighting
 + Level 1.1 Short Blades
 + Level 1.1 Long Blades
 + Level 6.6 Axes
 + Level 1.1 Maces & Flails
 + Level 1.1 Polearms
 + Level 1.1 Staves
 + Level 1.1 Slings
 + Level 1.1 Bows
 + Level 1.1 Crossbows
 + Level 4.6 Throwing
 + Level 1.1 Armour
 + Level 1.1 Dodging
 + Level 2.5 Stealth
 + Level 1.1 Shields
 + Level 1.1 Unarmed Combat
 + Level 3.0 Spellcasting
 + Level 0.9 Conjurations
 + Level 0.9 Hexes
 + Level 0.9 Summonings
 + Level 3.8 Necromancy
 + Level 0.9 Translocations
 + Level 0.9 Transmutations
 + Level 0.9 Fire Magic
 + Level 0.9 Ice Magic
 + Level 0.9 Air Magic
 + Level 0.9 Earth Magic
 + Level 0.9 Poison Magic
 + Level 1.2 Invocations
 + Level 1.1 Evocations


You had 8 spell levels left.
You knew the following spells:

 Your Spells              Type           Power      Damage    Failure   Level
a - Necrotize             Necr           40%        1d6       7%          1

Your spell library contained the following spells:

 Spells                   Type           Power      Damage    Failure   Level
 Vampiric Draining        Necr           10%        2d6       21%         3


Dungeon Overview and Level Annotations

Branches:
Dungeon (3/15)

Altars:
Uskayaw

Annotations:
D:3 Ijyb


Innate Abilities, Weirdness & Mutations

You have very sharp teeth.
Your uncanny sense of smell can sniff out nearby items.
Your experience applies equally to all skills.


Message History

Ijyb hits you with a +5 dagger of speed!
Ijyb screams, "Get away!"
Ijyb zaps a wand.
You barely resist.
Press: ? - help, v - describe, . - travel
Here: Ijyb, wielding a +5 dagger of speed, wearing a +0 leather armour and carrying a wand of mindburst (15) (lightly wounded)
The floor.
Unknown command.
You closely miss Ijyb. Your bite misses Ijyb.
Ijyb is lightly wounded.
Ijyb closely misses you.
You hit Ijyb. Your bite misses Ijyb.
Ijyb is lightly wounded.
Ijyb closely misses you.
Ijyb hits you with a +5 dagger of speed.
* * * LOW HITPOINT WARNING * * *
You completely miss Ijyb.
Ijyb is lightly wounded.
Ijyb hits you with a +5 dagger of speed.
* * * LOW HITPOINT WARNING * * *
Ijyb closely misses you.
Throw: 14 darts (poison)
Press: ? - help, Q - select action, (/) - cycle Shift-Dir - straight line, f/p - Ijyb
Aim: Ijyb, wielding a +5 dagger of speed, wearing a +0 leather armour and carrying a wand of mindburst (15) (lightly wounded, 53% to hit)
You throw a poisoned dart. The poisoned dart closely misses Ijyb.
Ijyb closely misses you.
Blink to where?
Press: ? - help, Dir - move target, p - Ijyb
Okay, then.
Blink to where?
Press: ? - help, Dir - move target, p - Ijyb
Okay, then.
Blink to where?
Press: ? - help, Dir - move target, p - Ijyb
As you read the scroll of blinking, it crumbles to dust.
Throw: 13 darts (poison)
Press: ? - help, Q - select action, (/) - cycle Shift-Dir - straight line, f - Ijyb
Aim: Ijyb, wielding a +5 dagger of speed, wearing a +0 leather armour and carrying a wand of mindburst (15) (translocational energy, lightly wounded, 53% to hit)
You throw a poisoned dart. The poisoned dart closely misses Ijyb.
Ijyb zaps a wand.
Your mind is blasted!
You die...

#####.#.................#
.....>#...........#'#####
##................#.#
##................#.###########
##................#.....)......
##................#....g......(
....8P............#............
##...8..###.#..................
##..8...###.#...@.....#########
##....8..##.#÷........#
##.......##.#.........#
#####.......#.........# ##
####.##.#.........#
.#####.#....#.........#
.##....#.####.........#
.'.....#†# #.........#
.##.###################


You could see Ijyb.

Vanquished Creatures
  A hound skeleton (D:3)
  An adder (D:3)
  An adder zombie (D:3)
  2 adder skeletons (D:3)
  A dart slug (D:2)
  An orc (D:3)
  4 bats
  3 endoplasms
  A giant cockroach (D:1)
  6 goblins
  4 hobgoblins
  6 kobolds
  7 ball pythons
  6 frilled lizards
  A jackal skeleton (D:3)
  A quokka zombie (D:3)
  4 rats
50 creatures vanquished.

Vanquished Creatures (others)
  7 plants (D:1)
  A withered plant (D:3)
8 creatures vanquished.

Grand Total: 58 creatures vanquished

Notes
Turn   | Place    | Note
-------+----------+-------------------------------------------
     0 | D:1      | chronatog the Gnoll Wanderer began the quest for the Orb.
     0 | D:1      | chronatog set off with the following items: a +0 war axe,
                  | 14 poisoned darts, a +0 dagger, a scroll of blinking, a +0
                  | leather armour; and the following spell memorised:
                  | Necrotize; and the following spells available to memorise:
                  | Vampiric Draining.
     0 | D:1      | Reached XP level 1. HP: 17/17 MP: 4/4
     3 | D:1      | Noticed a vampire
     5 | D:1      | Noticed a felid
     7 | D:1      | Noticed a troll
     9 | D:1      | Noticed a spriggan
     9 | D:1      | Noticed a minotaur
    11 | D:1      | Noticed an elf
    13 | D:1      | Noticed a vine stalker
    13 | D:1      | Noticed an ogre
    15 | D:1      | Noticed a demigod
    15 | D:1      | Noticed a gargoyle
    17 | D:1      | Noticed a draconian
    19 | D:1      | Noticed a human
    19 | D:1      | Noticed a naga
    21 | D:1      | Noticed a formicid
    21 | D:1      | Noticed a ghoul
    23 | D:1      | Noticed a merfolk
    23 | D:1      | Noticed a demonspawn
    25 | D:1      | Noticed an octopode
    25 | D:1      | Noticed a dwarf
    27 | D:1      | Noticed a tengu
   102 | D:1      | Reached XP level 2. HP: 7/23 MP: 5/5
  1295 | D:1      | Reached XP level 3. HP: 28/28 MP: 7/7
  1728 | D:2      | Found a faded altar of an unknown god.
  1909 | D:2      | Found a hide-covered altar of Uskayaw.
  2089 | D:2      | Reached skill level 1 in Invocations
  2933 | D:3      | Reached skill level 1 in Short Blades
  2933 | D:3      | Reached skill level 1 in Long Blades
  2933 | D:3      | Reached skill level 1 in Maces & Flails
  2933 | D:3      | Reached skill level 1 in Polearms
  2933 | D:3      | Reached skill level 1 in Staves
  2933 | D:3      | Reached skill level 1 in Slings
  2933 | D:3      | Reached skill level 1 in Bows
  2933 | D:3      | Reached skill level 1 in Crossbows
  2933 | D:3      | Reached skill level 1 in Armour
  2933 | D:3      | Reached skill level 1 in Dodging
  2933 | D:3      | Reached skill level 1 in Shields
  2933 | D:3      | Reached skill level 1 in Unarmed Combat
  2933 | D:3      | Reached skill level 1 in Evocations
  2963 | D:3      | Reached XP level 4. HP: 31/34 MP: 8/8
  3491 | D:3      | Noticed Ijyb
  3504 | D:3      | Blown up by Ijyb

Illustrated notes

Levels and vault maps discovered:
D:1:      kb_arrival_jail, layout_loops_cross, serial_bayou,
          serial_bayou_shore_b, serial_bayou_pond_a, serial_bayou_ford_a,
          serial_bayou_lake_a, nrook_uturn,
          nicolae_concentric_dashed_squares_wild
D:2:      layout_loops_corners, basic_altar,
          shapermc_ecumenical_altar_mp_highgroup, hangedman_decor_diamond_cutter
D:3:      layout_basic, serial_undead, serial_undead_b, serial_undead_c,
          serial_undead_c, serial_undead_a, serial_undead_e, serial_undead_d,
          serial_undead_e, serial_undead_e, serial_undead_c, serial_undead_d,
          kennysheep_generic_room_2, uniq_ijyb

Skill      XL: |  1  2  3  4 |
---------------+-------------+-----
Invocations    | 1 |  1.2
Short Blades   | 1 |  1.1
Long Blades    | 1 |  1.1
Maces & Flails | 1 |  1.1
Polearms       | 1 |  1.1
Staves         | 1 |  1.1
Slings         | 1 |  1.1
Bows           | 1 |  1.1
Crossbows      | 1 |  1.1
Armour         | 1 |  1.1
Dodging        | 1 |  1.1
Shields        | 1 |  1.1
Unarmed Combat | 1 |  1.1
Evocations     | 1 |  1.1
Spellcasting   | 3 |  3.0
Fighting       | |  2.7
Axes           | |  6.6
Throwing       | |  4.6
Stealth        | |  2.5
Conjurations   | |  0.9
Hexes          | |  0.9
Summonings     | |  0.9
Necromancy     | |  3.8
Translocations | |  0.9
Transmutations | |  0.9
Fire Magic     | |  0.9
Ice Magic      | |  0.9
Air Magic      | |  0.9
Earth Magic    | |  0.9
Poison Magic   | |  0.9

Action                   |  1- 3 |  4- 6 || total
-------------------------+-------+-------++-------
Melee: War axe           |   105 |    28 ||   133
       Bite              |     4 |     3 ||     7
       Punch             |     1 |     1 ||     2
Throw: Dart              |     5 |     2 ||     7
 Cast: Necrotize         |       |     2 ||     2
  Use: Scroll            |       |     1 ||     1
 Stab: Sleeping          |     3 |     3 ||     6
Armor: Leather armour    |    34 |    12 ||    46
Dodge: Dodged            |    58 |    17 ||    75

Table legend: (Time is in decaauts)
 A = Elapsed time spent in this place.
 B = Non-inter-level travel time spent in this place.
 C = Inter-level travel time spent in this place.
 D = Time resting spent in this place.
 E = Time spent auto-exploring this place.
 F = Levels seen in this place.
 G = Mean time per level.
                   A        B        C        D        E       F      G
               +--------+--------+--------+--------+--------+-----+--------+
         Total |   3581 |   3491 |     90 |    825 |   2197 |   3 | 1193.7 |
       Dungeon |   3581 |   3491 |     90 |    825 |   2197 |   3 | 1193.7 |
               +--------+--------+--------+--------+--------+-----+--------+

Top non-repeatable levels by time:
     D:1: 1717 daAuts
     D:2: 1058 daAuts
     D:3: 805 daAuts
